 Dungeon Crawl Stone Soup version 0.31-a0-174-g85c54bcb58 (webtiles) character file.

Game seed: 9090260477687126847

1575 qw the Cleaver (level 8, -4/51 HPs)
             Began as a Gargoyle Fighter on June 15, 2023.
             Was a Believer of Okawaru.
             Slain by Maggie
             ... wielding a +2 heavy glaive
              (11 damage)
             ... on level 6 of the Dungeon.
             The game lasted 00:01:58 (2804 turns).

qw the Cleaver (Gargoyle Fighter)                   Turns: 2804, Time: 00:01:59

Health: -4/51      AC: 16    Str: 23    XL:     8   Next: 91%
Magic:  10/11      EV: 11    Int:  8    God:    Okawaru [**....]
Gold:   203        SH:  5    Dex:  9    Spells: 7/7 levels left

rFire   . . .        Y - +0 war axe
rCold   . . .        c - +0 buckler
rNeg    + . .        b - +0 scale mail
rPois   inf          o - +0 helmet
rElec   +            (no cloak)
rCorr   .            m - +0 pair of gloves
SInv    .            (no boots)
Will    .....        l - amulet of regeneration
Stlth   +            g - +4 ring of slaying {mikee}
HPRegen 1.08/turn    (no ring)
MPRegen 0.12/turn

%: no passive effects
@: heroic, weakened
A: sickness immunity, AC +5, negative energy resistance 1, electricity
resistance, torment resistance 1, petrification resistance
a: Renounce Religion, Heroism


You were on level 6 of the Dungeon.
You worshipped Okawaru.
Okawaru was pleased with you.
You visited 1 branch of the dungeon, and saw 6 of its levels.

You collected 203 gold pieces.


Innate Abilities, Weirdness & Mutations

You are immune to sickness and miasma.
Your stone body is resilient. (AC +5)
You are immune to poison.
You resist negative energy. (rN+)
You are resistant to electric shocks. (rElec)
You are resistant to unholy torment.
You are immune to petrification.


   Skills:
 - Level 6.0(11.0) Fighting
 + Level 8.2(13.2) Axes
 - Level 1.1(6.1) Throwing
 - Level 3.2(8.2) Armour
 - Level 1.0(6.0) Dodging
 - Level 3.2(8.2) Shields
 - Level 4.0 Invocations


You had 7 spell levels left.
You didn't know any spells.
Your spell library was empty.

Inventory:

Hand Weapons
 n - a +0 flail
 Y - a +0 war axe (weapon)
Missiles
 e - 2 boomerangs (quivered)
Armour
 b - a +0 scale mail (worn)
 c - a +0 buckler (worn)
 m - a +0 pair of gloves (worn)
 o - a +0 helmet (worn)
Jewellery
 g - a +4 ring of slaying (left hand) {mikee}
 l - an amulet of regeneration (around neck)
Scrolls
 a - a scroll of identify
 i - a scroll of vulnerability {unknown}
Potions
 d - a potion of might
 f - a potion of magic
 h - 2 potions of curing
 j - a potion of attraction
 k - a potion of haste

Dungeon Overview and Level Annotations

Branches:
Dungeon (7/15)             Temple (0/1) D:6

Altars:
Gozag
Kikubaaqudgha
Nemelex Xobeh
Okawaru
Trog
Yredelemnul

Shops:
D:1 *:   D:3 =[[[=   D:4 *

Annotations:
D:2 1 runed translucent door, Crazy Yiuf
D:4 Edmund
D:6 Maggie


Message History

You feel as though you will be weak longer.
The gnoll bouda hits you but does no damage.
Maggie barely misses you. The gnoll hits you but does no damage.
You hit the gnoll.
You kill the gnoll!
Okawaru accepts your kill.
You hit the gnoll bouda. The gnoll closely misses you.
The gnoll bouda gazes fiercely through you!
You feel as though you will be weak longer.
You block the gnoll bouda's attack.
You slash the gnoll bouda!
You kill the gnoll bouda!
Okawaru accepts your kill. The gnoll barely misses you.
Maggie zaps a wand.
The puff of flame hits you but does no damage.
The gnoll barely misses you.
You barely miss the gnoll.
You break out of your daze.
The gnoll closely misses you. The gnoll hits you but does no damage.
Maggie zaps a wand.
The puff of flame hits you. The gnoll hits you but does no damage.
You slash the gnoll!
The gnoll is almost dead.
The gnoll hits you but does no damage. You block Maggie's attack.
The gnoll closely misses you. The gnoll barely misses you.
You closely miss the gnoll.
The gnoll is almost dead.
The gnoll closely misses you. The gnoll barely misses you.
You barely miss the gnoll.
The gnoll is almost dead.
The gnoll closely misses you.
Maggie hits you from afar with a +2 heavy glaive!
The gnoll barely misses you. x2
You slash the gnoll!
You kill the gnoll!
Okawaru accepts your kill.
The gnoll is no longer moving quickly.
You block the gnoll's attack.
The gnoll is no longer moving quickly.
Maggie hits you with a +2 heavy glaive!
You die...

.#
.............=......
.#
...###.#............
.# .
...#............ .#
#.###............ ..
... #............
... ...
#.....$...... ...
... #............
>.# #............
#...)@g......
#...g@.......
####.g.......
'.###+##+# ##. .. #.
#.


You could see Maggie and 3 gnolls.

Vanquished Creatures
  Joseph (D:7)
  Sigmund (D:2)
  Eustachio (D:4)
  An orc warrior (D:7)
  An ice beast (D:6)
  An ogre (D:6)
  A phantom (D:4)
  A kobold brigand (D:6)
  2 hounds
  A jelly (D:4)
  A gnoll bouda (D:6)
  2 orc wizards (D:4)
  A sleepcap (D:6)
  Natasha (D:4)
  Terence (D:2)
  3 iguanas
  9 gnolls
  7 adders
  4 worms
  2 dart slugs
  6 orcs (D:4)
  7 ball pythons
  5 endoplasms
  2 giant cockroaches (D:2)
  13 goblins
  2 hobgoblins
  2 jackals (D:2)
  3 quokkas
  7 bats
  2 frilled lizards
  8 kobolds
  4 rats
  A spectral goblin (D:1)
104 creatures vanquished.

Notes
Turn   | Place    | Note
-------+----------+-------------------------------------------
     0 | D:1      | qw the Gargoyle Fighter began the quest for the Orb.
     0 | D:1      | Reached XP level 1. HP: 14/14 MP: 1/1
     0 | D:1      | 0 ||| qw: Version: 0.2-a-29-g511e9b1
     0 | D:1      | 0 ||| qw: Game counter: 5431
     0 | D:1      | 0 ||| qw: Always use a shield: true
     0 | D:1      | 0 ||| qw: God list: Okawaru
     0 | D:1      | 0 ||| qw: Allow faded altars: false
     0 | D:1      | 0 ||| qw: Do Orc after D:15 true
     0 | D:1      | 0 ||| qw: Do second Lair branch before Depths: true
     0 | D:1      | 0 ||| qw: Lair rune preference: random
     0 | D:1      | 0 ||| qw: Plans: Normal, Zot:1-4, Slime:5, God:TSO, Crypt,
                  | Tomb, Abyss, Pan, Hells, Win
     0 | D:1      | 0 ||| PLANNING D:1-11
    10 | D:1      | Found Ethiel's General Store.
    29 | D:1      | 29 ||| SHOPLISTING potion of curing (42 gold, have 0).
    78 | D:1      | Reached skill level 2 in Axes
   201 | D:1      | Found a faded altar of an unknown god.
   205 | D:1      | Reached XP level 2. HP: 19/19 MP: 2/2
   260 | D:1      | Found Uplem's Book Boutique.
   410 | D:1      | 410 ||| UPGRADING to +4 ring of slaying {mikee}.
   411 | D:1      | 411 ||| READING 2 scrolls labelled LOYLEC EQYGEUBB.
   412 | D:1      | 412 ||| READING scroll labelled YBENTE NUFIME.
   413 | D:1      | 413 ||| DRINKING 2 bubbling pink potions.
   414 | D:1      | 414 ||| DRINKING 3 fizzy white potions.
   415 | D:1      | 415 ||| DROPPING scroll of noise.
   451 | D:2      | 451 ||| Stepping ~*~*~tactically~*~*~ (stealth).
   464 | D:2      | 464 ||| Stepping ~*~*~tactically~*~*~ (stealth).
   555 | D:2      | Noticed Sigmund
   556 | D:2      | 556 ||| Stepping ~*~*~tactically~*~*~ (hiding).
   569 | D:2      | Killed Sigmund
   570 | D:2      | Reached skill level 5 in Axes
   570 | D:2      | Reached XP level 3. HP: 20/23 MP: 3/3
   570 | D:2      | Reached XP level 4. HP: 25/28 MP: 4/4
   570 | D:2      | Reached XP level 5. HP: 29/32 MP: 5/5
   665 | D:2      | 665 ||| Stepping ~*~*~tactically~*~*~ (hiding).
   745 | D:2      | Found an ancient bone altar of Kikubaaqudgha.
   757 | D:2      | 757 ||| Stepping ~*~*~tactically~*~*~ (stealth).
   758 | D:2      | 758 ||| Stepping ~*~*~tactically~*~*~ (stealth).
   768 | D:2      | 768 ||| Stepping ~*~*~tactically~*~*~ (stealth).
   879 | D:2      | Noticed Terence
   881 | D:2      | Killed Terence
   882 | D:2      | Reached XP level 6. HP: 38/38 MP: 6/6
   893 | D:2      | 893 ||| DROPPING +0 club.
   943 | D:2      | Found a runed translucent door.
   944 | D:2      | Noticed Crazy Yiuf
  1148 | D:2      | 1148 ||| Stepping ~*~*~tactically~*~*~ (stealth).
  1286 | D:2      | 1286 ||| UPGRADING to +0 pair of gloves.
  1291 | D:2      | 1291 ||| UPGRADING to amulet of regeneration.
  1296 | D:2      | 1296 ||| READING scroll labelled KOJYPH OKAKLO.
  1297 | D:2      | 1297 ||| DRINKING 2 bubbling yellow potions.
  1298 | D:2      | 1298 ||| READING 4 scrolls of identify.
  1298 | D:2      | 1298 ||| IDENTIFYING sapphire potion
  1299 | D:2      | 1299 ||| READING 3 scrolls of identify.
  1299 | D:2      | 1299 ||| IDENTIFYING fuming black potion
  1300 | D:2      | 1300 ||| DROPPING potion of brilliance.
  1383 | D:3      | Found Nytoux Ikhlu's Armour Shoppe.
  1385 | D:3      | 1385 ||| Stepping ~*~*~tactically~*~*~ (hiding).
  1492 | D:3      | 1492 ||| SHOPLISTING +0 ring mail of Fadoniuss {Str+5} (301
                  | gold, have 118).
  1492 | D:3      | 1492 ||| SHOPLISTING +1 robe of resistance (457 gold, have
                  | 118).
  1492 | D:3      | 1492 ||| SHOPLISTING +3 kite shield of Utul {Harm Will-
                  | SInv} (371 gold, have 118).
  1492 | D:3      | 1492 ||| SHOPLISTING +3 ring mail of positive energy (322
                  | gold, have 118).
  1492 | D:3      | 1492 ||| SHOPLISTING +5 plate armour of ponderousness (350
                  | gold, have 118).
  1515 | D:3      | Found Toxuoh Bua's Jewellery Emporium.
  1523 | D:3      | 1523 ||| SHOPLISTING +4 ring of protection (360 gold, have
                  | 118).
  1523 | D:3      | 1523 ||| SHOPLISTING +4 ring of slaying (780 gold, have
                  | 118).
  1523 | D:3      | 1523 ||| SHOPLISTING +6 ring of dexterity (360 gold, have
                  | 118).
  1523 | D:3      | 1523 ||| SHOPLISTING amulet of faith (400 gold, have 118).
  1523 | D:3      | 1523 ||| SHOPLISTING ring of positive energy (200 gold,
                  | have 118).
  1523 | D:3      | 1523 ||| SHOPLISTING ring of protection from cold (250
                  | gold, have 118).
  1523 | D:3      | 1523 ||| SHOPLISTING ring of see invisible (150 gold, have
                  | 118).
  1565 | D:3      | Found Ecufiud's Antique Armour Shop.
  1568 | D:3      | Reached skill level 1 in Dodging
  1574 | D:3      | 1574 ||| SHOPLISTING runed scale mail (168 gold, have 118).
  1639 | D:3      | Found Gofaga's Armour Shop.
  1643 | D:3      | 1643 ||| Stepping ~*~*~tactically~*~*~ (hiding).
  1645 | D:3      | 1645 ||| Stepping ~*~*~tactically~*~*~ (hiding).
  1646 | D:3      | 1646 ||| Stepping ~*~*~tactically~*~*~ (hiding).
  1676 | D:3      | 1676 ||| SHOPLISTING +0 plate armour (299 gold, have 126).
  1676 | D:3      | 1676 ||| SHOPLISTING +0 plate armour of Cixom {+Inv Will+
                  | Str+4} (663 gold, have 126).
  1676 | D:3      | 1676 ||| SHOPLISTING +2 chain mail of willpower (279 gold,
                  | have 126).
  1676 | D:3      | 1676 ||| SHOPLISTING +2 robe of cold resistance (230 gold,
                  | have 126).
  1742 | D:3      | Found Nelol's Jewellery Shoppe.
  1781 | D:3      | 1781 ||| SHOPLISTING +6 ring of dexterity (432 gold, have
                  | 126).
  1781 | D:3      | 1781 ||| SHOPLISTING +6 ring of strength (432 gold, have
                  | 126).
  1781 | D:3      | 1781 ||| SHOPLISTING amulet of faith (480 gold, have 126).
  1781 | D:3      | 1781 ||| SHOPLISTING ring "Xynutet" {rPois Will++ Int+3}
                  | (567 gold, have 126).
  1781 | D:3      | 1781 ||| SHOPLISTING ring of Uskayaw's Condemnation {Fly
                  | rC+ Int+4} (478 gold, have 126).
  1781 | D:3      | 1781 ||| SHOPLISTING ring of fire (300 gold, have 126).
  1781 | D:3      | 1781 ||| SHOPLISTING ring of protection from cold (300
                  | gold, have 126).
  1781 | D:3      | 1781 ||| SHOPLISTING ring of resist corrosion (240 gold,
                  | have 126).
  1813 | D:3      | Found an iron altar of Okawaru.
  1814 | D:3      | 1814 ||| PLANNING OKAWARU WORSHIP
  1814 | D:3      | 1814 ||| READING 2 scrolls labelled XAQUOF IXEMN.
  1824 | D:3      | 1824 ||| READING 2 scrolls of identify.
  1824 | D:3      | 1824 ||| IDENTIFYING lumpy dark potion
  1827 | D:3      | Found a basalt altar of Yredelemnul.
  1835 | D:3      | Became a worshipper of Warmaster Okawaru
  1836 | D:3      | 1836 ||| PLANNING D:1-11
  1837 | D:3      | 1837 ||| Stepping ~*~*~tactically~*~*~ (stealth).
  1844 | D:3      | 1844 ||| Stepping ~*~*~tactically~*~*~ (stealth).
  1960 | D:3      | Found a sparkling altar of Nemelex Xobeh.
  2074 | D:4      | Noticed Edmund
  2090 | D:4      | HP: 6/38 [Edmund/+2 flail of holy wrath (6)]
  2091 | D:4      | 2091 ||| READING scroll of teleportation.
  2092 | D:4      | 2092 ||| DRINKING 2 potions of heal wounds.
  2254 | D:4      | 2254 ||| Stepping ~*~*~tactically~*~*~ (stealth).
  2269 | D:4      | Reached skill level 6 in Axes
  2272 | D:4      | 2272 ||| Stepping ~*~*~tactically~*~*~ (stealth).
  2273 | D:4      | 2273 ||| FLEEEEING.
  2275 | D:4      | 2275 ||| FLEEEEING.
  2286 | D:4      | 2286 ||| DRINKING 3 potions of curing.
  2286 | D:4      | 2286 ||| (to cure confusion)
  2289 | D:4      | Reached XP level 7. HP: 43/43 MP: 7/7
  2292 | D:4      | 2292 ||| Stepping ~*~*~tactically~*~*~ (hiding).
  2439 | D:4      | 2439 ||| Stepping ~*~*~tactically~*~*~ (hiding).
  2441 | D:4      | 2441 ||| Stepping ~*~*~tactically~*~*~ (hiding).
  2442 | D:4      | 2442 ||| Stepping ~*~*~tactically~*~*~ (hiding).
  2443 | D:4      | 2443 ||| Stepping ~*~*~tactically~*~*~ (hiding).
  2444 | D:4      | 2444 ||| Stepping ~*~*~tactically~*~*~ (hiding).
  2445 | D:4      | 2445 ||| Stepping ~*~*~tactically~*~*~ (hiding).
  2451 | D:4      | Noticed Natasha
  2453 | D:4      | 2453 ||| Stepping ~*~*~tactically~*~*~ (stealth).
  2454 | D:4      | 2454 ||| Stepping ~*~*~tactically~*~*~ (stealth).
  2477 | D:4      | 2477 ||| Stepping ~*~*~tactically~*~*~ (stealth).
  2478 | D:4      | 2478 ||| Stepping ~*~*~tactically~*~*~ (stealth).
  2479 | D:4      | 2479 ||| Stepping ~*~*~tactically~*~*~ (stealth).
  2486 | D:4      | Killed Natasha
  2496 | D:4      | Found a bloodstained altar of Trog.
  2535 | D:4      | Found Gozag's Platinum Reserve.
  2535 | D:4      | Found an opulent altar of Gozag.
  2539 | D:4      | Noticed Eustachio
  2564 | D:4      | Killed Eustachio
  2564 | D:4      | Reached * piety under Okawaru
  2565 | D:4      | Reached skill level 7 in Axes
  2566 | D:4      | You fall into a shaft and drop 3 floors!
  2567 | D:7      | 2567 ||| UPGRADING to +0 helmet.
  2572 | D:7      | 2572 ||| READING scroll labelled EPPAJ WADUI.
  2575 | D:7      | Noticed Joseph
  2576 | D:7      | 2576 ||| Stepping ~*~*~tactically~*~*~ (hiding).
  2577 | D:7      | 2577 ||| FLEEEEING.
  2578 | D:7      | 2578 ||| Stepping ~*~*~tactically~*~*~ (hiding).
  2583 | D:7      | 2583 ||| INVOKING Heroism.
  2586 | D:7      | Reached skill level 1 in Invocations
  2594 | D:7      | 2594 ||| INVOKING Heroism.
  2594 | D:7      | HP: 2/44 [Joseph/+0 quarterstaff (14)]
  2595 | D:7      | 2595 ||| DRINKING potion of heal wounds.
  2597 | D:7      | Killed Joseph
  2598 | D:7      | Reached skill level 3 in Invocations
  2598 | D:7      | Reached XP level 8. HP: 34/50 MP: 4/10
  2601 | D:7      | HP: 11/50 [orc warrior/+0 scimitar (4)]
  2606 | D:7      | HP: 11/50 [orc warrior/+0 scimitar (4)]
  2608 | D:7      | Reached ** piety under Okawaru
  2609 | D:7      | Reached skill level 1 in Throwing
  2609 | D:7      | 2609 ||| INVOKING Heroism.
  2616 | D:7      | 2616 ||| FLEEEEING.
  2617 | D:7      | 2617 ||| FLEEEEING.
  2618 | D:7      | 2618 ||| FLEEEEING.
  2621 | D:7      | 2621 ||| STAIRDANCE
  2673 | D:6      | Found a staircase to the Ecumenical Temple.
  2739 | D:6      | 2739 ||| INVOKING Heroism.
  2743 | D:6      | Reached skill level 8 in Axes
  2775 | D:6      | Reached skill level 6 in Fighting
  2787 | D:6      | Noticed Maggie
  2789 | D:6      | 2789 ||| INVOKING Heroism.
  2802 | D:6      | HP: 5/51 [Maggie/+2 heavy glaive (17)]
  2804 | D:6      | Slain by Maggie

Levels and vault maps discovered:
D:1:      ebering_hopf_link, layout_rooms, serial_shops, shop,
          nicolae_shop_trees, dreamdust_ecumenical_altar_drowned_temple
D:2:      minmay_diamond_boxcup, layout_loops_ring, basic_altar, minivault_23,
          grunt_decor_mini_mirrors, amcnicky_mini_rare_corridor_liquid,
          solitary_fountain, uniq_sigmund, uniq_crazy_yiuf_cottage, uniq_terence
D:3:      layout_rooms, nemelex_diamond_rough_becter, old_standard_altar,
          yredelemnul_altar_generic, serial_shops, shop, shop, shop,
          nicolae_shop_trees, nicolae_shop_tiny_statue_garden
D:4:      layout_basic, mainiacjoe_overflow_surrounded_room,
          nicolae_gozag_zags_fifth_avenue, uniq_edmund, uniq_natasha,
          uniq_eustachio
D:6:      layout_basic, mainiacjoe_overflow_24_doors, temple_statues,
          kb_lookout_dungeons_type, chequers_serial_rivers_marsh,
          bh_walls_and_bars, uniq_maggie
D:7:      layout_cave_pools, kennysheep_orc_sif_temple,
          mainiacjoe_overflow_alcove_4, enter_bailey_5,
          kennysheep_generic_room_3, uniq_duvessa, uniq_joseph, uniq_pikel

Skill      XL: |  1  2  3  4  5  6  7  8 |
---------------+-------------------------+-----
Axes           | 2 5 6 7 8 |  8.2
Fighting       | 4 5 6 |  6.0
Dodging        | 1 |  1.0
Invocations    | 3 4 |  4.0
Throwing       | 1 |  1.1
Armour         | |  3.2
Shields        | |  3.2

Action                     |  1- 3 |  4- 6 |  7- 9 || total
---------------------------+-------+-------+-------++-------
  Melee: War axe           |    33 |   156 |   108 ||   297
  Throw: Javelin           |     8 |       |       ||     8
         Boomerang         |       |       |    25 ||    25
 Invoke: Heroism           |       |       |     5 ||     5
    Use: Scroll            |     2 |     6 |     1 ||     9
         Potion            |     2 |     3 |     1 ||     6
 Armour: Scale mail        |    25 |    78 |    50 ||   153
  Dodge: Dodged            |    17 |    52 |    60 ||   129
  Block: Buckler           |     7 |    16 |    28 ||    51

Table legend:
 A = Non-vault XP
 B = Vault XP
 C = Vault XP percentage of total XP
 D = Non-vault monster count
 E = Vault monster count
 F = Vault count percentage of total count
                 A         B        C        D         E       F
            +---------+---------+-------+---------+---------+-------
      Total |    1153 |    1098 |  48.8 |      87 |      17 |  16.3
            +---------+---------+-------+---------+---------+-------
        D:1 |      11 |       1 |   8.3 |       6 |       1 |  14.3
        D:2 |      58 |     286 |  83.1 |      19 |      10 |  34.5
        D:3 |     133 |       0 |   0.0 |      24 |       0 |   0.0
        D:4 |     333 |     238 |  41.7 |      22 |       2 |   8.3
        D:6 |     539 |       0 |   0.0 |      14 |       0 |   0.0
        D:7 |      79 |     573 |  87.9 |       2 |       4 |  66.7
            +---------+---------+-------+---------+---------+-------
